 Dungeon Crawl Stone Soup version 0.31-a0-345-g1ebeae05c6 (webtiles) character file.

Game seed: 2955014296387452395

238 Brmiller011 the Ruffian (level 5, -3/49 HPs)
             Began as a Troll Shapeshifter on July 23, 2023.
             Slain by Terence
             ... wielding a +6 flail of holy wrath
              (15 damage)
             ... on level 3 of the Dungeon.
             The game lasted 00:09:04 (2261 turns).

Brmiller011 the Ruffian (Troll Shapeshifter)        Turns: 2261, Time: 00:09:05

Health: -3/49      AC:  4    Str: 25    XL:     5   Next: 78%
Magic:  4/4        EV: 10    Int:  7    God:
Gold:   135        SH:  0    Dex: 10    Spells: 4/4 levels left

rFire   . .          .
                       - Unarmed
rCold   + . .        (no shield)
rNeg    + . .        s - +0 robe of Xesuh {rPois rN+ Int+3}
rPois   +            (helmet currently unavailable)
rElec   .            (cloak currently unavailable)
rCorr   +            (gloves unavailable)
SInv    .            (boots unavailable)
Will    .....        f - amulet of magic regeneration
Stlth   +            t - ring of resist corrosion
HPRegen 1.08/turn    o - ring of protection from cold
MPRegen 0.49/turn

%: no passive effects
@: beast-form
A: beast (slay +2), large, unfitting armour, claws 3, regeneration 1, shaggy fur
1, tough skin 1
a: Begin Untransformation


You were on level 3 of the Dungeon.
You were a hulking beast.
You visited 1 branch of the dungeon, and saw 3 of its levels.

You collected 135 gold pieces.

Inventory:

Missiles
 i - a throwing net
Armour
 a - a +0 animal skin
 s - the +0 robe of Xesuh (worn) {rPois rN+ Int+3}
   (You found it on level 3 of the Dungeon)

   Int:       It affects your intelligence (+3).
   rPois:     It protects you from poison.
   rN:        It protects you from negative energy.
Jewellery
 f - an amulet of magic regeneration (around neck)
 o - a ring of protection from cold (right claw)
 t - a ring of resist corrosion (left claw)
Talismans
 c - a beast talisman
 k - a storm talisman
 m - a maw talisman
Wands
 v - a wand of paralysis (4)
Scrolls
 d - 3 scrolls of fear {unknown}
 e - 2 scrolls of teleportation {unknown}
 h - 2 scrolls of revelation {unknown}
 j - a scroll of fog {unknown}
 n - a scroll of identify {unknown}
 q - a scroll of silence {unknown}
 u - a scroll of enchant weapon {unknown}
Potions
 b - a potion of lignification
 g - 3 potions of curing {unknown}
 l - a potion of haste {unknown}
 p - 2 potions of degeneration {unknown}
 r - a potion of brilliance {unknown}


   Skills:
 + Level 1.9 Fighting
 + Level 2.5 Dodging
 + Level 4.3 Unarmed Combat
 * Level 4.2 Shapeshifting


You had 4 spell levels left.
You didn't know any spells.
Your spell library contained the following spells:

 Spells                   Type           Power      Damage    Failure   Level
 Summon Small Mammal      Summ           0%         N/A       43%         1
 Lesser Beckoning         Tloc           0%         N/A       56%         2
 Scorch                   Fire           0%         2d5       56%         2
 Call Canine Familiar     Summ           0%         N/A       80%         3
 Gell's Gravitas          Tloc           0%         N/A       80%         3
 Summon Guardian Golem    Hex/Summ       0%         N/A       80%         3
 Teleport Other           Tloc           0%         N/A       80%         3
 Flame Wave               Conj/Fire      0%         2d4       99%         4
 Summon Cactus Giant      Summ           0%         N/A       100%        6


Dungeon Overview and Level Annotations

Branches:
Dungeon (3/15)

Altars:
Trog

Annotations:
D:3 Terence


Innate Abilities, Weirdness & Mutations

You are a hulking beast.
Your limbs bulge with bestial killing power. (Slay +2)
You are too large for most types of armour.
You have claws for hands.
Your natural rate of healing is unusually fast.
You are covered in fur. (AC +1)
You have tough skin. (AC +1)


Message History

You destroy shakesphere1979's ghost!
The adder barely misses you.
You scratch the adder.
The adder is almost dead.
The adder barely misses you.
You scratch the adder.
You kill the adder!
You enter the shallow water.
g - 3 bubbling puce potions (gained 1)
There is a collapsed entrance here.
You enter the shallow water.
There is an open translucent door here.
You see here a dart slug corpse.
You see here a +0 short sword.
You now have 117 gold pieces (gained 2).
You now have 135 gold pieces (gained 18).
Terence the Incautious comes into view.
He is wielding a +6 flail of holy wrath.
Terence shouts!
You scratch Terence.
Terence is lightly wounded.
Terence hits you with a +6 flail of holy wrath!
You barely miss Terence. You claw Terence.
Terence is moderately wounded.
Terence hits you with a +6 flail of holy wrath!
You closely miss Terence.
Terence is moderately wounded.
Terence shouts, "Now you die!"
Terence hits you with a +6 flail of holy wrath!
Terence attacks as you move away!
Terence hits you with a +6 flail of holy wrath!
* * * LOW HITPOINT WARNING * * *
Terence says, "How do you enjoy it?"
You scratch Terence.
Terence is heavily wounded.
Terence hits you with a +6 flail of holy wrath.
* * * LOW HITPOINT WARNING * * *
You barely miss Terence.
Terence is heavily wounded.
Terence hits you with a +6 flail of holy wrath!
You die...

.# #........ ..#
.################........ ..#
.#....................... ...#
.#.######.######......... #...
.#.######.###....#########...
.#......#.....#### ##..#
##.............## ###..#
#...............######...#####
#...............h@...........#
................######.###...#
#...............####...# .###
#...............##...### #
................##.###
##.............#...#
.....).>#.....##.###
..#'#†..###.#.##.######
..#~#))..#.......[......


You could see Terence.

Vanquished Creatures
  The ghost of shakesphere1979 the Digger, a weakling TrEE (D:3)
  Ijyb (D:3)
  2 orc wizards (D:3)
  5 adders
  2 dart slugs
  10 orcs (D:3)
  2 ball pythons (D:2)
  4 bats
  3 endoplasms
  2 giant cockroaches
  4 goblins
  5 hobgoblins
  2 jackals (D:1)
  4 quokkas
  6 frilled lizards
  2 kobolds (D:2)
  7 rats
62 creatures vanquished.

Notes
Turn   | Place    | Note
-------+----------+-------------------------------------------
     0 | D:1      | Brmiller011 the Troll Shapeshifter began the quest for the
                  | Orb.
     0 | D:1      | Reached XP level 1. HP: 18/18 MP: 0/0
   154 | D:1      | Reached XP level 2. HP: 26/26 MP: 1/1
   167 | D:1      | Reached skill level 1 in Fighting
  1060 | D:2      | Reached XP level 3. HP: 3/33 MP: 2/2
  1866 | D:3      | Reached XP level 4. HP: 39/41 MP: 3/3
  1868 | D:3      | Identified the +0 robe of Xesuh {rPois rN+ Int+3}
  1986 | D:3      | Found a runed translucent door.
  2043 | D:3      | Noticed shakesphere1979's ghost (weakling TrEE)
  2054 | D:3      | Reached XP level 5. HP: 48/48 MP: 4/4
  2085 | D:3      | Noticed Ijyb
  2086 | D:3      | Paralysed by Ijyb for 3 turns
  2097 | D:3      | Killed Ijyb
  2151 | D:3      | Found a bloodstained altar of Trog.
  2186 | D:3      | Killed shakesphere1979's ghost
  2244 | D:3      | Noticed Terence
  2261 | D:3      | Slain by Terence

Illustrated notes

Levels and vault maps discovered:
D:1:      shiori_arrival_elements, layout_basic
D:2:      layout_basic
D:3:      layout_rooms, mainiacjoe_overflow_brackets, serial_shops,
          nicolae_shop_rolled_up, ebering_ghost_sewer_d, uniq_terence, uniq_ijyb

Skill      XL: |  1  2  3  4  5 |
---------------+----------------+-----
Fighting       | 1 |  1.9
Dodging        | 2 |  2.5
Unarmed Combat | 4 |  4.3
Shapeshifting  | 4 |  4.2

Action                     |  1- 3 |  4- 6 || total
---------------------------+-------+-------++-------
  Melee: Unarmed           |    96 |    53 ||   149
         Punch             |     1 |     1 ||     2
   Stab: Sleeping          |     1 |       ||     1
 Armour: Animal skin       |    46 |       ||    46
         Skin              |     1 |       ||     1
         Robe              |       |    17 ||    17
  Dodge: Dodged            |    48 |    24 ||    72
   Form: Beast             |     3 |       ||     3
                           |     1 |       ||     1
         Storm             |     1 |       ||     1
         Maw               |     1 |       ||     1

Table legend: (Time is in decaauts)
 A = Elapsed time spent in this place.
 B = Non-inter-level travel time spent in this place.
 C = Inter-level travel time spent in this place.
 D = Time resting spent in this place.
 E = Time spent auto-exploring this place.
 F = Levels seen in this place.
 G = Mean time per level.
                   A        B        C        D        E       F      G
               +--------+--------+--------+--------+--------+-----+--------+
         Total |   2250 |   1978 |    272 |      0 |   1443 |   3 |  750.0 |
       Dungeon |   2250 |   1978 |    272 |      0 |   1443 |   3 |  750.0 |
               +--------+--------+--------+--------+--------+-----+--------+

Top non-repeatable levels by time:
     D:1: 996 daAuts
     D:2: 834 daAuts
     D:3: 419 daAuts
